 Dungeon Crawl Stone Soup version 0.19.0-16-g73b5abf (webtiles) character file.

62321 Kwzr the Summoner (level 14, -3/81 HPs)
             Began as a Mummy Summoner on Nov 9, 2016.
             Was a High Priest of Hepliaklqana.
             Slain by an orc warrior
             ... wielding a +0 war axe
             ... led by an orc warlord
              (27 damage)
             ... on level 2 of the Orcish Mines on Nov 10, 2016.
             The game lasted 06:05:32 (38806 turns).

Kwzr the Summoner (Mummy Summoner)                 Turns: 38806, Time: 06:05:32

Health: -3/81      AC: 18    Str: 11    XL:     14   Next: 63%
Magic:  3/28       EV: 13    Int: 21    God:    Hepliaklqana [*****.]
Gold:   825        SH: 10    Dex: 14    Spells: 10 memorised, 1 level left

rFire  . . .     SeeInvis +     a - +5 broad axe "Ryd Qote" {pain, Int+3}
rCold  + . .     Gourm    .     W - +0 leather armour {rF+}
rNeg   + + +     Faith    .     Y - +4 shield {reflect}
rPois  ∞         Spirit   .     o - +2 hat
rElec  .         Reflect  +     T - +0 cloak {MR+}
rCorr  .         Harm     .     (no gloves)
MR     ++...                    m - +0 pair of boots
Stlth  ++........               (no amulet)
                                t - ring of see invisible
                                O - +3 ring of protection

@: icy armour, slow
A: no food or potions, fire vulnerability, reduced essence, cold resistance 1,
negative energy resistance 3, torment resistance, unbreathing, in touch with
death 1
a: Recall Ancestor, Ancestor Identity, Transference, Idealise, Renounce Religion


You were on level 2 of the Orcish Mines.
You worshipped Hepliaklqana.
Hepliaklqana was extremely pleased with you.
You were not hungry.

You visited 4 branches of the dungeon, and saw 22 of its levels.

You collected 1971 gold pieces.
You spent 1146 gold pieces at shops.

Inventory:

Hand Weapons
 a - the +5 broad axe "Ryd Qote" (weapon) {pain, Int+3}
   (You found it on level 12 of the Dungeon)

   In the hands of one skilled in necromantic magic, it inflicts extra damage on
   living creatures.
   It affects your intelligence (+3).
 b - a +1 blowgun
 w - the +3 trident of Fanotut {elec, SInv}
   (You found it on level 8 of the Dungeon)

   Occasionally, upon striking a foe, it will discharge some electrical energy
   and cause terrible harm.
   It lets you see invisible.
 D - a +2 vampiric hand axe
 G - the +9 dagger of Chilly Death {flash freeze, rPois rF- rC++ MR+}
   (You found it on level 5 of the Lair of Beasts)

   It has been specially enchanted to freeze those struck by it, causing extra
   injury to most foes and up to half again as much damage against particularly
   susceptible opponents.
   It can also slow down cold-blooded creatures.
   It makes you vulnerable to fire.
   It greatly protects you from cold.
   It protects you from poison.
   It affects your resistance to hostile enchantments.
 I - the +3 falchion "Qidghiuwk" {vamp, MR+ Int+3}
   (You found it on level 11 of the Dungeon)

   It inflicts no extra harm, but heals its wielder when it wounds a living foe.
   It affects your intelligence (+3).
   It affects your resistance to hostile enchantments.
Missiles
 k - 89 poisoned needles
 r - 8 javelins
 B - 7 curare-tipped needles
 F - 4 tomahawks of returning (quivered)
Armour
 e - a +0 robe of magic resistance
 m - a +0 pair of boots (worn)
 o - a +2 hat (worn)
 J - a +2 robe of resistance
 Q - a +0 leather armour of magic resistance
 T - a +0 cloak of magic resistance (worn)
 W - a +0 leather armour of fire resistance (worn)
 Y - a +4 shield of reflection (worn)
Jewellery
 j - an uncursed ring of resist corrosion
 t - a ring of see invisible (right hand)
 v - an uncursed ring of flight
 O - a +3 ring of protection (left hand)
Wands
 d - a wand of lightning (0/15)
 h - a wand of polymorph (14/24)
 i - a wand of heal wounds (0/9)
 s - a wand of random effects (11/48)
 x - a wand of digging (10/24)
 y - a wand of lightning (0/15)
 C - a wand of polymorph (0/24)
 E - a wand of digging (10/24)
 H - a wand of flame (26/48)
 N - a wand of acid (0/15)
 P - a wand of paralysis (9/24)
 S - a wand of acid (8/15)
Scrolls
 f - 10 scrolls of remove curse
 g - 6 scrolls of identify
 l - a scroll of enchant armour
 q - 6 scrolls of magic mapping
 u - 3 scrolls of fog
 z - a scroll of blinking
 K - a scroll of amnesia
 R - a scroll of teleportation
Books
 n - a book of Debilitation

   Spells                             Type                      Level
   a - Corona                         Hexes                        1
   b - Slow                           Hexes                        2
   c - Gell's Gravitas                Hexes/Translocation          3
   d - Inner Flame                    Hexes/Fire                   3
   e - Cause Fear                     Hexes                        4
   f - Leda's Liquefaction            Hexes/Earth                  4
 p - a book of Callings

   Spells                             Type                      Level
   a - Summon Small Mammal            Summoning                    1
   b - Call Imp                       Summoning                    2
   c - Call Canine Familiar           Summoning                    3
   d - Summon Guardian Golem          Hexes/Summoning              3
   e - Summon Lightning Spire         Summoning/Air                4
   f - Summon Ice Beast               Ice/Summoning                4
 A - a book of Misfortune

   Spells                             Type                      Level
   a - Confusing Touch                Hexes                        1
   b - Confuse                        Hexes                        3
   c - Gell's Gravitas                Hexes/Translocation          3
   d - Petrify                        Transmutation/Earth          4
   e - Metabolic Englaciation         Hexes/Ice                    5
   f - Yara's Violent Unravelling     Hexes/Transmutation          5
 L - a book of Unlife

   Spells                             Type                      Level
   a - Recall                         Summoning/Translocation      3
   b - Animate Dead                   Necromancy                   4
   c - Control Undead                 Necromancy                   4
   d - Cigotuvi's Embrace             Necromancy                   5
   e - Death Channel                  Necromancy                   6
   f - Simulacrum                     Ice/Necromancy               6
 M - a book of Enchantments

   Spells                             Type                      Level
   a - Cause Fear                     Hexes                        4
   b - Yara's Violent Unravelling     Hexes/Transmutation          5
   c - Silence                        Hexes/Air                    5
   d - Deflect Missiles               Charms/Air                   6
   e - Discord                        Hexes                        8
 V - a book of Power

   Spells                             Type                      Level
   a - Fulminant Prism                Conjuration/Hexes            4
   b - Iskenderun's Mystic Blast      Conjuration                  4
   c - Venom Bolt                     Conjuration/Poison           5
   d - Bolt of Magma                  Conjuration/Fire/Earth       5
   e - Iron Shot                      Conjuration/Earth            6
   f - Orb of Destruction             Conjuration                  7
   g - Spellforged Servitor           Conjuration/Summoning        7
 X - a book of Party Tricks

   Spells                             Type                      Level
   a - Summon Butterflies             Summoning                    1
   b - Apportation                    Translocation                1
   c - Lesser Beckoning               Translocation                3
   d - Tukima's Dance                 Hexes                        3
   e - Alistair's Intoxication        Transmutation/Poison         5
   f - Invisibility                   Hexes                        6
Miscellaneous
 c - a sack of spiders
 U - a lamp of fire


   Skills:
 - Level 2.6 Fighting
 - Level 2.4 Armour
 - Level 8.1 Dodging
 - Level 3.0 Stealth
 + Level 0.1 Shields
 - Level 10.0 Spellcasting
 - Level 6.0 Conjurations
 - Level 9.1 Hexes
 - Level 3.0 Charms
 + Level 10.5 Summonings
 - Level 10.0 Ice Magic
 - Level 5.0 Invocations


You had one spell level left.
You knew the following spells:

 Your Spells              Type           Power        Failure   Level  Hunger
a - Cause Fear            Hex            #####.....   14%         4    N/A
b - Call Imp              Summ           ######..     1%          2    N/A
c - Call Canine Familiar  Summ           ######..     1%          3    N/A
d - Ozocubu's Armour      Chrm/Ice       #####...     12%         3    N/A
e - Summon Ice Beast      Ice/Summ       ######..     12%         4    N/A
f - Summon Guardian Gole  Hex/Summ       ######..     3%          3    N/A
g - Recall                Summ/Tloc      N/A          21%         3    N/A
h - Summon Butterflies    Summ           ######..     1%          1    N/A
w - Metabolic Englaciati  Hex/Ice        ######....   34%         5    N/A
x - Throw Icicle          Conj/Ice       #####...     21%         4    N/A

Dungeon Overview and Level Annotations

Branches:
Dungeon (13/15)            Temple (1/1) D:5            Lair (6/6) D:9
 Shoals (0/4) Lair:4        Snake (0/4) Lair:3        Slime (0/5) Lair:6
    Orc (2/2) D:11            Elf (0/3) Orc:2
 Vaults: D:13-14

Altars:
Ashenzari
Cheibriados
Dithmenos
Elyvilon
Fedhas
Gozag
Hepliaklqana
Kikubaaqudgha
Makhleb
Nemelex Xobeh
Okawaru
Qazlal
Ru
Sif Muna
Trog
Uskayaw
Vehumet
Xom
Yredelemnul
Zin
The Shining One

Shops:
Orc:1 }   Orc:2 [*([:

Portals:
Hell: Lair:6

Annotations:
D:12 exclusion: 2 downstairs
Lair:4 exclusion: downstairs


Innate Abilities, Weirdness & Mutations

You do not eat or drink.
Your flesh is vulnerable to fire.
You are immune to poison.
Your flesh is cold resistant. (rC+)
You are immune to negative energy. (rN+++)
You are immune to unholy pain and torment.
You can survive without breathing.
You are in touch with the powers of death.
Your life essence is reduced. (-10% HP)


Message History

The orc warrior misses you.
The orc warrior hits your ice beast with a war axe!
The orc warlord roars a battlecry!
The orc warrior goes into a battle-frenzy!
The orc warrior shouts!
You hear a shout!
You swap places.
The orc no longer looks unusually strong.
Your ice beast barely misses the orc warrior.
Something blocks the orc's attack.
The orc warlord roars a battlecry!
The orc priest goes into a battle-frenzy!
The orc warrior hits you with a war axe!!
The orc warrior hits your ice beast with a war axe!!
Your ice beast dies!
Nova blocks something's attack.
Something barely misses Nova. x2
The orc priest invokes the aid of Beogh against you.
Beogh smites you!
* * * LOW HITPOINT WARNING * * *
The orc warrior hits you with a war axe!!
You die...

#.#.............#...........##..#
...#........................#....
....#................#...........
....................###..........
...................## ###......#.
##..................#####.....#..
.#.#...............#.#.#(........
#...##...........Ro[..........#..
.#........#.##..@#T#.#.......#.#.
##...........#...o###oY.....#...#
###.#...#.#......o.#.o.(..(..#.#.
########.....#.o.#...Y.........
###.#...........o.....(..).(.(
##.......P.).....)..()<)..()...
#.....P............>.[[[T[.....
##...........P).#.....).##..#..
#........∩.....##.......(o.##.


You could see the friendly Nova the knight, an orc warlord, 2 orc warriors, an
orc priest and an orc.

Vanquished Creatures
  An orc warlord (Orc:2)
  A dire elephant (Lair:6)
  A hydra (Lair:6)
  A centaur warrior (D:11)
  A deep elf mage (D:12)
  An orc knight (Orc:2)
  An ugly thing (D:11)
  An orc sorcerer (Orc:1)
  An elephant (Lair:5)
  A centaur zombie (D:12)
  Psyche (D:8)
  2 spiny frogs
  2 black mambas
  An orange demon (Lair:6)
  A torpor snail (Lair:6)
  2 centaur skeletons (D:10)
  A rime drake (Lair:2)
  A tengu conjurer (D:11)
  A troll (D:10)
  Grinder (D:5)
  2 dream sheep
  2 hippogriffs
  3 blink frogs
  A shadow (D:12)
  2 wraiths (D:10)
  A basilisk (Lair:6)
  13 yaks
  4 hungry ghosts
  A warg (Orc:1)
  A naga (Lair:3)
  10 water moccasins
  A hell hound (Lair:6)
  3 porcupines
  An ice beast (Lair:6)
  4 orc warriors
  2 phantoms
  2 slaves (D:8)
  2 ogres
  A wolf (Lair:5)
  2 centaurs
  4 crocodiles
  3 bullfrogs
  A scorpion (D:8)
  2 wights
  3 killer bees
  4 crimson imps
  4 jellies
  A bullfrog skeleton (D:6)
  A gnoll shaman (D:4)
  4 orc priests
  A hound (D:10)
  4 iguanas
  Ijyb (D:2)
  A hell rat (Lair:6)
  8 orc wizards
  4 worker ants
  A hound skeleton (D:8)
  7 adders
  5 gnolls (D:4)
  An ooze (D:3)
  4 worms
  4 dart slugs
  3 leopard geckos
  27 orcs
  A ball python (D:1)
  A giant cockroach (D:8)
  8 goblins
  4 hobgoblins
  9 jackals
  A quokka (D:9)
  9 bats
  5 frilled lizards
  4 kobolds
  A leopard gecko skeleton (D:6)
  A quokka skeleton (D:7)
  5 rats
  2 fungi (Lair:6)
230 creatures vanquished.

Vanquished Creatures (collateral kills)
  An azure jelly (Lair:6)
  The ghost of Zigma the Brawler, a journeyman DrTm of Qazlal (Lair:6)
  A dire elephant (Lair:6)
  The ghost of mora the Spear-Bearer, a journeyman MfBe of Trog (Lair:2)
  6 hydras
  5 orc high priests
  A death yak (Lair:6)
  A sun demon (Lair:6)
  Nergalle (Orc:1)
  A fire crab (Lair:5)
  A skeletal warrior (D:11)
  An unseen horror (D:12)
  A sixfirhy (Lair:6)
  5 orc knights
  Pikel (D:8)
  A wizard (Lair:6)
  4 hill giants
  2 cyclopes
  4 orc sorcerers
  4 elephants (Lair:6)
  4 black mambas
  2 orange demons (Lair:6)
  A siren (Lair:4)
  A gargoyle (D:11)
  Joseph (D:8)
  9 spiny frogs
  10 komodo dragons
  A hellwing (Lair:6)
  6 rime drakes
  4 ice devils (Lair:6)
  A red devil (Lair:6)
  A meliai (D:13)
  9 trolls
  20 blink frogs
  7 dream sheep
  8 hippogriffs
  A meliai zombie (D:10)
  A wraith (D:11)
  A wyvern (Lair:6)
  2 hungry ghosts
  41 yaks
  4 basilisks
  A mottled dragon (D:12)
  4 vampire mosquitoes
  3 wargs
  A swamp worm (Orc:2)
  A soldier ant (D:12)
  9 water moccasins
  5 porcupines
  33 orc warriors
  A black bear (D:10)
  12 ice beasts
  A sky beast (D:11)
  A necrophage (D:13)
  13 ogres
  A boggart (Orc:2)
  18 wolves
  12 crocodiles
  5 big kobolds
  11 bullfrogs
  A wyvern skeleton (D:12)
  A scorpion (D:4)
  11 killer bees
  7 electric eels
  8 wights
  A centaur zombie (D:9)
  5 crimson imps
  A jelly (D:7)
  2 bullfrog zombies
  4 centaur skeletons
  9 orc priests
  A bullfrog skeleton (D:10)
  14 orc wizards
  2 iguanas
  6 hell rats (Lair:6)
  4 worker ants
  A hound skeleton (D:11)
  A worker ant zombie (D:8)
  Robin (D:2)
  5 gnolls
  7 adders
  6 shadow imps
  2 adder skeletons
  An adder zombie (D:9)
  2 worms
  A dart slug (D:1)
  3 leopard geckos
  48 orcs
  2 bats
  A giant cockroach (D:8)
  6 goblins
  3 hobgoblins
  4 jackals
  16 kobolds
  4 quokkas
  A ball python (D:3)
  2 frilled lizards
  A jackal zombie (D:5)
  4 rats
  6 fungi
  7 plants
522 creatures vanquished.

Vanquished Creatures (others)
  2 ice dragons (Lair:5)
  A skeletal warrior (D:11)
  An elephant (Lair:6)
  A yak (D:8)
  An ice beast (Lair:5)
  18 knights
  An orc wizard (Orc:2)
  A hound zombie (D:7)
  A gnoll (D:7)
  An adder (D:8)
  9 ancestors
  An orc (Orc:1)
  27 fungi
  22 plants (Lair:6)
87 creatures vanquished.

Grand Total: 839 creatures vanquished

Notes
Turn   | Place    | Note
-------+----------+-------------------------------------------
     0 | D:1      | Kwzr the Mummy Summoner began the quest for the Orb.
     0 | D:1      | Reached XP level 1. HP: 13/13 MP: 3/3
   490 | D:1      | Reached XP level 2. HP: 19/19 MP: 5/5
   835 | D:1      | Learned a level 2 spell: Call Imp
  1153 | D:2      | Reached XP level 3. HP: 23/24 MP: 6/6
  1204 | D:2      | Noticed Ijyb
  1225 | D:2      | Killed Ijyb
  1349 | D:2      | Found a shadowy altar of Dithmenos.
  1356 | D:2      | Noticed Robin
  1357 | D:2      | Reached XP level 4. HP: 29/30 MP: 4/8
  1953 | D:1      | Learned a level 3 spell: Call Canine Familiar
  2065 | D:3      | Found a radiant altar of Vehumet.
  2658 | D:3      | Found a blossoming altar of Fedhas.
  3102 | D:2      | Killed Robin
  3102 | D:2      | Reached XP level 5. HP: 35/35 MP: 5/9
  3687 | D:4      | Learned a level 1 spell: Freeze
  3711 | D:4      | Reached XP level 6. HP: 41/41 MP: 8/11
  3957 | D:4      | Reached skill level 1 in Ice Magic
  5260 | D:4      | Reached XP level 7. HP: 30/46 MP: 4/13
  5387 | D:5      | Entered Level 5 of the Dungeon
  5387 | D:5      | Found a staircase to the Ecumenical Temple.
  5397 | Temple   | Entered the Ecumenical Temple
  5611 | Temple   | Became a worshipper of Hepliaklqana the Forgotten
  5662 | Temple   | Learned a level 3 spell: Ozocubu's Armour
  5898 | D:5      | Noticed Grinder
  5908 | D:5      | Killed Grinder
  5908 | D:5      | Reached skill level 5 in Spellcasting
  6112 | D:5      | Found an opulent altar of Gozag.
  6116 | D:5      | Found a burning altar of Makhleb.
  6123 | D:5      | Found a hide-covered altar of Uskayaw.
  6131 | D:5      | Found an iron altar of Okawaru.
  6134 | D:5      | Found a bloodstained altar of Trog.
  6472 | D:6      | Found a sparkling altar of Nemelex Xobeh.
  6780 | D:6      | Noticed a hungry ghost
  6792 | D:6      | Killed a hungry ghost
  6806 | D:6      | Reached XP level 8. HP: 30/46 MP: 11/16
  7284 | D:7      | Reached * piety under Hepliaklqana
  8421 | D:7      | Reached skill level 5 in Dodging
  8668 | D:8      | Got a scorched trident
  8669 | D:8      | Identified the cursed +3 trident of Fanotut {elec, SInv} (You found it on level 8 of the Dungeon)
  8761 | D:8      | Noticed Psyche
  8772 | D:8      | Killed Psyche
  8772 | D:8      | Reached skill level 5 in Ice Magic
  8836 | D:8      | Noticed Joseph
  9074 | D:9      | Noticed a troll
  9102 | D:10     | Entered Level 10 of the Dungeon
  9206 | D:10     | Noticed a troll
  9234 | D:10     | Reached XP level 9. HP: 36/51 MP: 17/17
  9586 | D:10     | Noticed a hill giant
  9587 | D:10     | Found a burning altar of Makhleb.
  9604 | D:10     | Killed a hill giant
  9975 | D:11     | Reached skill level 1 in Fighting
  9975 | D:11     | Reached XP level 10. HP: 49/58 MP: 17/19
 10050 | D:12     | Got a brightly glowing broad axe
 10051 | D:12     | Identified the +5 broad axe "Ryd Qote" {pain, Int+3} (You found it on level 12 of the Dungeon)
 10059 | D:12     | Learned a level 4 spell: Summon Ice Beast
 10063 | D:12     | Learned a level 3 spell: Summon Guardian Golem
 10066 | D:12     | Learned a level 2 spell: Throw Frost
 10129 | D:11     | Noticed a skeletal warrior
 10161 | D:11     | Noticed a skeletal warrior
 10161 | D:11     | Killed a skeletal warrior
 10920 | D:9      | Reached ** piety under Hepliaklqana
 10921 | D:9      | Remembered your ancestor Nova as a knight
 11615 | D:9      | Reached skill level 5 in Summonings
 11632 | D:9      | Found a staircase to the Lair.
 11638 | Lair:1   | Entered Level 1 of the Lair of Beasts
 11701 | Lair:1   | Noticed a black mamba
 11702 | Lair:1   | Noticed a spiny frog
 11711 | Lair:1   | Killed a spiny frog
 11771 | Lair:1   | Noticed a spiny frog
 11800 | D:9      | Killed a black mamba
 12132 | D:8      | Killed Joseph
 13207 | D:8      | Reached XP level 11. HP: 31/66 MP: 12/21
 13370 | D:8      | Noticed a three-headed hydra
 13375 | D:8      | Killed a three-headed hydra
 13482 | D:8      | HP: 3/66 [orc warrior/trident (13)]
 14008 | D:8      | Noticed Pikel
 14137 | D:8      | Killed Pikel
 14328 | D:8      | Found a deep blue altar of Sif Muna.
 15601 | D:11     | Got a jewelled falchion
 15627 | D:11     | Identified the +3 falchion "Qidghiuwk" {vamp, MR+ Int+3} (You found it on level 11 of the Dungeon)
 15630 | D:11     | Found a staircase to the Orcish Mines.
 15635 | Orc:1    | Entered Level 1 of the Orcish Mines
 15642 | Orc:1    | Noticed an orc sorcerer
 15659 | D:11     | Noticed a skeletal warrior
 16168 | D:11     | Noticed a skeletal warrior
 16477 | D:11     | Noticed a green ugly thing
 16479 | D:11     | Noticed a skeletal warrior
 16493 | D:11     | Killed a skeletal warrior
 16497 | D:11     | Killed a white ugly thing
 16706 | D:11     | Reached *** piety under Hepliaklqana
 16889 | D:12     | Noticed an unseen horror
 16907 | D:12     | Killed an unseen horror
 16955 | D:12     | Learned a level 4 spell: Throw Icicle
 17718 | D:13     | Noticed a hill giant
 18382 | Lair:1   | Reached **** piety under Hepliaklqana
 18940 | Lair:2   | Reached XP level 12. HP: 54/72 MP: 11/25
 19054 | Lair:2   | Found a white marble altar of Elyvilon.
 19402 | Lair:2   | Noticed mora's ghost (journeyman MfBe)
 20229 | Orc:2    | Entered Level 2 of the Orcish Mines
 20267 | Orc:1    | Found Dito's Gadget Shop.
 20344 | Orc:1    | Upgraded the game from 0.19.0-11-g3fc08b3 to 0.19.0-16-g73b5abf
 20395 | Orc:1    | Noticed Nergalle
 20413 | Orc:1    | Killed Nergalle
 20423 | Orc:1    | Learned a level 5 spell: Metabolic Englaciation
 20584 | Orc:1    | Reached skill level 1 in Hexes
 20766 | Orc:2    | Noticed an orc high priest
 20777 | Orc:2    | Killed an orc high priest
 20926 | Orc:2    | Found a staircase to the Elven Halls.
 21439 | D:11     | Noticed a centaur warrior
 21453 | D:11     | Killed a centaur warrior
 21781 | D:11     | Reached skill level 1 in Armour
 22730 | Orc:2    | Noticed an orc warlord
 22731 | Orc:2    | Found Jierunud's Antique Weapon Shoppe.
 23865 | Lair:2   | Learned a level 4 spell: Cause Fear
 24472 | Lair:2   | Killed mora's ghost
 25044 | Lair:3   | Reached skill level 5 in Hexes
 25323 | Lair:3   | Reached ***** piety under Hepliaklqana
 25830 | Lair:3   | Found a staircase to the Snake Pit.
 26633 | Lair:4   | Found a staircase to the Shoals.
 26649 | Lair:4   | Gained mutation: You are in touch with the powers of death. [Mummy growth]
 26649 | Lair:4   | Reached XP level 13. HP: 76/76 MP: 12/26
 29214 | Lair:6   | Entered Level 6 of the Lair of Beasts
 29580 | Lair:6   | Reached skill level 10 in Spellcasting
 29678 | Lair:6   | Noticed Zigma's ghost (journeyman DrTm)
 30053 | Lair:6   | Reached ****** piety under Hepliaklqana
 30122 | Lair:6   | Learned a level 3 spell: Recall
 30129 | Lair:6   | Reached skill level 10 in Ice Magic
 30229 | Lair:6   | Reached skill level 10 in Summonings
 31053 | Lair:6   | Noticed an azure jelly
 31066 | Lair:6   | Killed an azure jelly
 31066 | Lair:6   | Reached skill level 1 in Invocations
 31142 | Lair:6   | Found a staircase to the Slime Pits.
 31342 | Lair:6   | Noticed a dire elephant
 31384 | Lair:6   | Killed a dire elephant
 31518 | Lair:6   | Noticed a dire elephant
 31579 | Lair:6   | Killed a dire elephant
 31742 | Lair:6   | Found a burning altar of Makhleb.
 31875 | Lair:6   | Reached XP level 14. HP: 56/81 MP: 3/28
 32534 | Lair:6   | Reached skill level 5 in Invocations
 32544 | Lair:6   | Found a gateway to Hell.
 32763 | Lair:6   | Reached skill level 1 in Conjurations
 33383 | Lair:6   | Killed Zigma's ghost
 36808 | Orc:1    | Reached skill level 5 in Conjurations
 37314 | Orc:2    | Found Rucah's Book Emporium.
 37328 | Orc:2    | Killed an orc warlord
 38315 | Orc:2    | Found Rawawuezia's General Store.
 38327 | Orc:2    | Bought a book of Party Tricks for 800 gold pieces
 38329 | Orc:2    | Learned a level 1 spell: Summon Butterflies
 38336 | Orc:2    | Found Cyhokon's Antique Armour Shoppe.
 38425 | Orc:2    | Found Cusiukem's Antique Armour Shoppe.
 38434 | Orc:2    | Bought a runed shield for 346 gold pieces
 38790 | Orc:2    | Noticed an orc warlord
 38806 | Orc:2    | Slain by an orc warrior

Skill      XL: |  1  2  3  4  5  6  7  8  9 10 11 12 13 14 |
---------------+-------------------------------------------+-----
Stealth        | 2 3 |  3.0
Spellcasting   | 3 4 5 6 7 9 10 | 10.0
Dodging        | 3 4 6 7 8 |  8.1
Summonings     | 4 7 9 10 | 10.5
Ice Magic      | 1 3 5 6 8 9 10 | 10.0
Charms         | 3 |  3.0
Fighting       | 1 2 |  2.6
Hexes          | 5 9 |  9.1
Armour         | 2 |  2.4
Invocations    | 3 5 |  5.0
Conjurations   | 6 |  6.0
Shields        | |  0.1

Action                   |  1- 3 |  4- 6 |  7- 9 | 10-12 | 13-15 || total
-------------------------+-------+-------+-------+-------+-------++-------
Melee: Dagger            |    35 |       |       |       |       ||    35
       Unarmed           |     4 |       |       |       |       ||     4
       Hand axe          |    41 |   230 |    96 |       |       ||   367
       Trident           |       |       |    73 |     3 |       ||    76
       Broad axe         |       |       |       |   345 |   258 ||   603
 Fire: Blowgun           |       |       |       |       |     9 ||     9
Throw: Tomahawk          |       |       |       |     8 |    22 ||    30
 Cast: Summon Small Mamm |    20 |     2 |     5 |       |       ||    27
       Call Imp          |    13 |    11 |    31 |    29 |    31 ||   115
       Call Canine Famil |       |    31 |    31 |    52 |    29 ||   143
       Freeze            |       |       |     3 |       |       ||     3
       Ozocubu's Armour  |       |       |     8 |    33 |    27 ||    68
       Summon Ice Beast  |       |       |       |   177 |   216 ||   393
       Summon Guardian G |       |       |       |    17 |    16 ||    33
       Throw Frost       |       |       |       |    20 |       ||    20
       Metabolic Englaci |       |       |       |    15 |    30 ||    45
       Throw Icicle      |       |       |       |    15 |    59 ||    74
       Cause Fear        |       |       |       |     1 |       ||     1
       Recall            |       |       |       |       |     4 ||     4
       Summon Butterflie |       |       |       |       |     3 ||     3
Invok: Ancestor Identity |       |       |     1 |       |       ||     1
       Recall Ancestor   |       |       |       |     9 |    14 ||    23
       Ancestor Life: Kn |       |       |       |     1 |       ||     1
       Idealise          |       |       |       |       |     6 ||     6
Evoke: Wand              |       |     1 |     1 |    10 |    11 ||    23
  Use: Scroll            |       |       |    13 |    13 |     7 ||    33
 Stab: Sleeping          |     7 |     3 |     3 |     4 |     4 ||    21
       Distracted        |     2 |     2 |       |     7 |     7 ||    18
Armor: Robe              |    25 |    11 |    23 |    98 |   126 ||   283
       Leather armour    |       |    61 |    23 |       |       ||    84
Dodge: Dodged            |    81 |   166 |   103 |   466 |   402 ||  1218
Block: Shield            |       |       |       |       |     8 ||     8
       Reflection        |       |       |       |       |     2 ||     2
